 Dungeon Sprint DCSS version 0.05.1-10-g30b10e1c1b (webtiles) character file.

Game seed: 6702014752402512870, levelgen mode: deterministic

6632 diana the Impaler (level 11, -17/86 HPs) Merfolk Gladiator. Began on June 1, 2021. Was the Champion of Makhleb. Killed from afar by a shadow dragon (38 damage) ... with a bolt of negative energy ... in the Dungeon (Sprint V: "Ziggurat Sprint") on June 2, 2021. The game lasted 00:06:47 (610 turns).

diana the Impaler (Merfolk Gladiator)                Turns: 610, Time: 00:06:47

Health: -17/86     AC: 33    Str: 27    XL:     11 ^: 8897
Magic:  20/20      EV:  7    Int: 10    God:    Makhleb [6* [193]]
Gold:   0          SH:  0    Dex:  8    Spells: 10/10 levels left

rFire    x . .     Vision   .   G - +13 scythe of Curses {drain, Soulbond}
rCold    + + .     Gourm    .   (also wielding the above weapon)
rNeg     . . .     Faith    .   F - +15 Maxwell's patent armour {-Cast -Tele rElec MR+ rCorr}
rPois    .         Spirit   .   c - +0 helmet
rElec    +         Reflect  .   (no cloak)
rCorr    +         Harm     .   P - +2 pair of gloves {wield}
MR       .....     NoTele   +   (no boots) Stlth ..........NoCast +
                                R - amulet of rage
HPRegen  0.38/turn              A - ring of strength
MPRegen  0.30/turn              W - ring "Midijaz" {Ice Str+7, (Curse: *Slow)} (curse)

@: held, heavily drained
A: cold resistance 1, @gV, magic vulnerability 1, merfolk tail
a: Minor Destruction, Lesser Servant of Makhleb, Major Destruction, Greater
Servant of Makhleb, Renounce Religion, Evoke Berserk Rage


You were in the Dungeon.
You worshipped Makhleb.
Makhleb was exalted by your worship.
You were not hungry.

You visited 1 branch

Inventory:

Weapons
 a - a +0 trident
 o - the +8 lance "Wyrmbane" {slay drac, rPois rF+ rC+ AC+3}
   (You found it in the Dungeon)

   This legendary weapon is deadly to all dragonkind.
   It affects your AC (+3).
   It protects you from fire.
   It protects you from cold.
   It protects you from poison.
 G - the +13 scythe of Curses (weapon) {drain, Soulbond}
   (You found it in the Dungeon)

   A truly terrible weapon, it drains the life of those it strikes.
   When equipped, it binds to the wielder's soul until they gain enough
   experience to unwield again.
 L - a +5 bardiche Shields
 O - the cursed +8 targe of Focus {pain, *Noise *Slow Dex+7 +Vis, (Curse: Fragile)}
   (You found it in the Dungeon)

   Base shield rating: 7 Skill to remove penalty: 17.5 It affects your dexterity
   (+7).
   It improves your vision.
   It may make noises in combat.
   It may slow you when you take damage.
   It has a curse placed upon it.
   { (Curse: Fragile)}
Armour
 b - a +0 leather armour
 c - a +0 helmet (worn)
 F - the +15 Maxwell's patent armour (worn) {-Cast -Tele rElec MR+ rCorr}
   (You found it in the Dungeon)

   It insulates you from electricity.
   It affects your resistance to hostile enchantments.
   It prevents spellcasting.
   It prevents most forms of teleportation.
   It provides partial protection from all sources of acid and corrosion.
 J - a +5 crystal plate
 K - +5 gold dragon scales
 P - a +2 pair of gloves of wielding (worn)
Jewellery
 w - an uncursed ring of dexterity
 x - an uncursed ring of dexterity
 y - an uncursed ring of intelligence
 z - an uncursed ring of intelligence
 A - a ring of strength (left hand)
 B - an uncursed ring of strength
 M - an uncursed ring of positive energy
 N - the amulet "Cipasul" {Gourm -Vis rPois Int+5}
   (You found it in the Dungeon)

   [amulet of the gourmand]

   It allows you to eat raw meat even when not hungry.
   It affects your intelligence (+5).
   It protects you from poison.
   It blurs your vision.
 R - an amulet of rage (around neck)
 S - an uncursed amulet of chaos
 T - an uncursed ring of protection from magic
 U - an uncursed ring of protection
 V - a cursed ring of ice {(Curse: Int-5)}
 W - the cursed ring "Midijaz" (right hand) {Ice Str+7, (Curse: *Slow)}
   (You found it in the Dungeon)

   [ring of ice]

   It enhances your ice magic.
   It affects your strength (+7).
   It makes you vulnerable to fire.
   It protects you from cold.
   It has a curse placed upon it.
   { (Curse: *Slow)}
Wands
 d - a wand of ensnaring (9)
 C - a wand of disintegration (7)
 D - a wand of iceblast (7)
 E - a wand of acid (7)
 Q - a wand of random effects (3)
Scrolls
 k - 4 scrolls of blinking
 r - 4 scrolls of amnesia
 s - 7 scrolls of fog
 t - a scroll of holy word
 u - 6 scrolls of bless item
 v - 2 scrolls of fear
Potions
 e - 10 potions of curing
 g - 6 potions of heal wounds
 h - 14 potions of haste
 i - 7 potions of magic
 j - 3 potions of berserk rage
 l - 2 potions of brilliance
 m - 2 potions of invisibility
 n - 4 potions of resistance
 p - 5 potions of agility
 q - 5 potions of might
Miscellaneous
 H - a lightning rod (2/4)
 I - a crystal ball of energy
Comestibles
 f - 7 rations


   Skills:
 + Level 12.7(10.1) Fighting
 + Level 15.0(12.3) Polearms
 + Level 10.2(7.8) Armour
 + Level 14.9(12.3) Dodging
 + Level 4.2(2.1) Invocations
 - Level 12.0(9.5) Evocations


You had 10 spell levels left.
You didn't know any spells.
Your spell library contained the following spells:

 Spells                   Type           Power        Failure   Level  Hunger
 Beastly Appendage        Tmut           0 (50)       75%         1    ##.....
 Flame Tongue             Fire           0 (30)       75%         1    ##.....
 Infusion                 Chrm           0 (25)       75%         1    ##.....
 Poisonous Vapours        Pois/Air       0 (50)       75%         1    ##.....
 Blink                    Tloc           N/A          87%         2    ###....
 Call Imp                 Summ           0 (100)      87%         2    ###....
 Passwall                 Tmut/Erth      0 (120)      87%         2    ###....
 Shroud of Golubria       Chrm/Tloc      0 (200)      87%         2    ###....
 Slow                     Hex            0 (100)      87%         2    ###....
 Sticks to Snakes         Tmut           0 (100)      87%         2    ###....
 Swiftness                Chrm/Air       0 (100)      87%         2    ###....
 Conjure Flame            Fire           0 (100)      98%         3    ####...
 Mephitic Cloud           Pois/Air       0 (100)      98%         3    ####...
 Recall                   Summ/Tloc      N/A          98%         3    ####...
 Scorpion Form            Tmut/Pois      0 (200)      98%         3    ####...
 Snakes to Sticks         Hex/Tmut       0 (100)      98%         3    ####...
 Spectral Weapon          Chrm/Summ      0 (100)      98%         3    ####...
 Vampiric Draining        Necr           0 (200)      98%         3    ####...
 Ice Form                 Ice/Tmut       0 (100)      100%        4    #####..
 Leda's Liquefaction      Tmut/Erth      0 (200)      100%        4    #####..
 Passage of Golubria      Tloc           N/A          100%        4    #####..
 Petrify                  Tmut/Erth      0 (100)      100%        4    #####..
 Still Winds              Hex/Air        0 (200)      100%        4    #####..
 Aura of Abjuration       Summ           0 (200)      100%        5    ######.
 Blade Hands              Tmut           0 (200)      100%        5    ######.
 Bolt of Draining         Necr           0 (200)      100%        5    ######.
 Bolt of Magma            Fire/Erth      0 (200)      100%        5    ######.
 Fireball                 Fire           0 (200)      100%        5    ######.
 Irradiate                Tmut/Pois      0 (200)      100%        5    ######.
 Iskenderun's Battlesphe  Chrm/Erth      0 (100)      100%        5    ######.
 Lee's Rapid Deconstruct  Erth           0 (200)      100%        5    ######.
 Methodical Deconstructi  Erth           0 (200)      100%        5    ######.
 Summon Forest            Summ/Erth      0 (200)      100%        5    ######.
 Summon Mana Viper        Summ/Pois      0 (100)      100%        5    ######.
 Agony                    Necr           0 (180)      100%        6    #######
 Cigotuvi's Degeneration  Tmut/Necr      0 (200)      100%        6    #######
 Darkness                 Hex            0 (200)      100%        6    #######
 Death Channel            Chrm/Necr      0 (200)      100%        6    #######
 Freezing Cloud           Ice/Air        0 (200)      100%        6    #######
 Invisibility             Chrm           0 (100)      100%        6    #######
 Iron Shot                Erth           0 (200)      100%        6    #######
 Ring of Flames           Chrm/Fire      0 (200)      100%        6    #######
 Shadow Creatures         Summ           N/A          100%        6    #######
 Statue Form              Tmut/Erth      0 (150)      100%        6    #######
 Dragon Form              Tmut           0 (200)      100%        7    #######
 Infestation              Tmut/Pois      0 (200)      100%        7    #######
 Iskenderun's Icy Sphere  Ice            0 (200)      100%        7    #######
 Spellforged Servitor     Summ           0 (200)      100%        7    #######
 Disjunction              Tloc           0 (200)      100%        8    #######
 Ignition                 Fire           0 (200)      100%        8    #######
 Shatter                  Erth           0 (200)      100%        9    #######


Dungeon Overview and Level Annotations

Branches:
Dungeon (1/1)

Altars:
Ashenzari
Cheibriados
Dithmenos
Elyvilon
Fedhas Madash
Gozag Ym Sagoz
Hepliaklqana
Kikubaaqudgha
Makhleb
Nemelex Xobeh
Okawaru
Qazlal
Ru
Sif Muna
Trog
Uskayaw
Vehumet
Wu Jian
Xom
Yredelemnul
Zin
The Shining One Bahamut & Tiamat
Beogh
Jiyva
Lugonu

Annotations:
D 1 transporter


Innate Abilities, Weirdness & Mutations

You are cold resistant. (rC+)
On contact with water, your feet merge into a fishtail, which allows you to swim quickly, evasively and stealthily.
You are weak, clever and extremely clumsy. (STR -2, INT +1, DEX -7)
You are vulnerable to magic. (MR--)


Message History

Something claws you but does no damage. x2; The soul eater hits you (3).
The soul eater hits you but does no damage.
Something bites you but does no damage. Something claws you (10)!
* * * LOW HITPOINT WARNING * * *
Something claws you but does no damage.
The soul eater zaps a wand.
You are caught in a web!
The stream of webbing hits you but does no damage (0).
You are even more entangled.
Your balrug hits something with a demon whip of venom (2).
Something is engulfed in flames (25)!!
The soul eater hits you (11)!
* * * LOW HITPOINT WARNING * * *
Unknown command.
Unknown command.
Unknown command.
Unknown command.
You feel much better.
A bolt of negative energy appears from out of thin air!
The bolt of negative energy hits you (38)!!!
You feel drained.
You die...

▓▓▓▓▓▓▓▓▓▓▓▓▓▓▓▓▓▓▓
▓...8©8...▓...8©8...▓
▓..)|%)[..▓..).).)..▓
▓..|)"|:..▓...[|....▓
▓.........▓.........▓
▓.........▓.........▓
▓......2..▓...)††...▓
▓...33....▓....[)†..▓
▓...3@{...▓...†.....▓
▓.▓...3.▓.▓....©....▓
▓....©....▓▓▓▓▓▓▓▓▓▓▓
▓▓▓▓▓▓▓▓▓▓▓


You could see 4 soul eaters and a friendly balrug.

Vanquished Creatures
  Erica (D)
  2 naga magi (D)
  2 black mambas (D)
  A polar bear (shapeshifter) (D)
  4 merfolk (D)
  6 neqoxecs (D)
  A spriggan (D)
  Sigmund (D)
  A golden eye (D)
  A tarantella (D)
  A golden eye (shapeshifter) (D)
  3 nagas (D)
  A slime creature (D)
  An insubstantial wisp (D)
  A water moccasin (D)
  4 scorpions (D)
  An eye of draining (D)
  Blork the orc (D)
  A centaur (D)
  Dowan (D)
  2 crimson imps (D)
  Crazy Yiuf (D)
  A jelly (D)
  An iron imp (D)
  2 shadow imps (D)
  3 oozes (D)
  2 adder skeletons (D)
  A ball python (D)
  A bat zombie (D)
  A spectral quokka (D)
50 creatures vanquished.

Vanquished Creatures (collateral kills)
  2 hippogriffs (D)
  Duvessa (D)
  3 black bears (D)
  A centaur (D)
  A howler monkey (shapeshifter) (D)
8 creatures vanquished.

Vanquished Creatures (others)
  2 spatial maelstroms (D)
2 creatures vanquished.

Grand Total: 60 creatures vanquished

Notes
Turn   | Place    | Note
-------+----------+-------------------------------------------
     0 | D        | diana the Merfolk Gladiator began the quest for the Orb.
     0 | D        | Reached XP level 1. HP: 14/14 MP: 2/2
     0 | D        | Found a shimmering blue altar of Sif Muna.
     0 | D        | Found a sacrificial altar of Ru.
     0 | D        | Found a bloodstained altar of Trog.
     0 | D        | Found a stormy altar of Qazlal.
     0 | D        | Found an iron altar of Okawaru.
     0 | D        | Found a sparkling altar of Nemelex Xobeh.
     0 | D        | Found a blossoming altar of Fedhas.
     0 | D        | Banished a spatial maelstrom
     1 | D        | Found the +6 Majin-Bo {vampiric, corrupt archmagi; MP+6
                  | Int+6}
     1 | D        | Found the +9 ballista "Sniper" {velocity, Acc+∞ +Vis}
     1 | D        | Found the +10 dark maul {crush}
     1 | D        | Found the +15 Maxwell's patent armour {-Cast -Tele rElec
                  | MR+ rCorr}
     1 | D        | Found the +18 shield of the Gong {rElec rN+ MR+ EV-5}
     1 | D        | Found the +14 obsidian axe {chop, +Fly +Vis Soulbond}
     1 | D        | Found the +7 great mace "Firestarter" {inner flame, rF++}
     1 | D        | Found the +6 shillelagh "Devastator" {shatter}
     1 | D        | Found the +11 plutonium sword {*Contam Stlth-}
     1 | D        | Found the +8 lance "Wyrmbane" {slay drac, rPois rF+ rC+
                  | AC+3}
     1 | D        | Found the +9 sword of Zonguldrok {reap}
     1 | D        | Found the +13 scythe of Curses {drain, Soulbond}
     1 | D        | Found the +0 sword of Power
     1 | D        | Found the +7 mace of Variability {chain chaos}
     1 | D        | Found the +7 Singing Sword {slice, sonic wave}
     1 | D        | Found the +8 storm bow {elec, penet}
     1 | D        | Banished a spatial maelstrom
     2 | D        | Found a transporter.
     2 | D        | Found an ancient bone altar of Kikubaaqudgha.
     2 | D        | Found a viscous altar of Jiyva.
     2 | D        | Found a corrupted altar of Lugonu.
     2 | D        | Found a hazy altar of Hepliaklqana.
     2 | D        | Found a burning altar of Makhleb.
     2 | D        | Found an opulent altar of Gozag.
     6 | D        | Banished a spatial maelstrom
    84 | D        | Reached skill level 5 in Polearms
    84 | D        | Reached skill level 5 in Dodging
    84 | D        | Reached XP level 2. HP: 22/22 MP: 2/4
   132 | D        | Became a worshipper of Makhleb the Destroyer
   151 | D        | Entered arena 2.
   151 | D        | Found a transporter.
   153 | D        | Reached skill level 6 in Polearms
   153 | D        | Reached XP level 3. HP: 27/27 MP: 4/6
   166 | D        | Entered arena 3.
   166 | D        | Noticed a slime creature
   166 | D        | Found a transporter.
   168 | D        | Reached * piety under Makhleb
   171 | D        | Killed a slime creature
   171 | D        | Reached skill level 5 in Fighting
   171 | D        | Reached skill level 7 in Polearms
   171 | D        | Reached skill level 5 in Evocations
   171 | D        | Reached XP level 4. HP: 36/36 MP: 6/8
   171 | D        | Reached XP level 5. HP: 41/41 MP: 6/9
   187 | D        | Entered arena 4.
   187 | D        | Noticed an eye of draining
   187 | D        | Noticed a golden eye
   187 | D        | Found a transporter.
   189 | D        | Reached ** piety under Makhleb
   190 | D        | Killed a golden eye
   190 | D        | Reached skill level 8 in Polearms
   190 | D        | Reached skill level 5 in Armour
   190 | D        | Reached XP level 6. HP: 47/47 MP: 9/11
   193 | D        | Reached *** piety under Makhleb
   193 | D        | Reached skill level 9 in Polearms
   199 | D        | Got Jopiar's Papyrus of Fire
   208 | D        | Entered arena 5.
   208 | D        | Noticed a spriggan
   208 | D        | Found a transporter.
   210 | D        | Killed a spriggan
   210 | D        | Reached XP level 7. HP: 54/54 MP: 8/12
   210 | D        | Reached skill level 10 in Polearms
   210 | D        | Reached skill level 10 in Dodging
   210 | D        | Reached **** piety under Makhleb
   222 | D        | Got the amulet "Cipasul" {Gourm -Vis rPois Int+5}
   229 | D        | Entered arena 6.
   229 | D        | Noticed a tarantella
   229 | D        | Found a transporter.
   232 | D        | Reached XP level 8. HP: 62/62 MP: 14/14
   233 | D        | Reached skill level 11 in Polearms
   233 | D        | Reached ***** piety under Makhleb
   239 | D        | Got the cursed +8 targe of Focus {pain, *Noise *Slow Dex+7
                  | +Vis, (Curse: Fragile)}
   244 | D        | Entered arena 7.
   244 | D        | Noticed Sigmund
   244 | D        | Noticed Blork the orc
   244 | D        | Noticed Crazy Yiuf
   244 | D        | Noticed Dowan
   244 | D        | Noticed Duvessa
   244 | D        | Noticed Erica
   245 | D        | Found a transporter.
   246 | D        | Killed Dowan
   249 | D        | Killed Erica
   249 | D        | Reached skill level 10 in Fighting
   249 | D        | Reached skill level 12 in Polearms
   249 | D        | Reached skill level 10 in Evocations
   249 | D        | Reached XP level 9. HP: 68/70 MP: 16/16
   249 | D        | Killed Blork the orc
   249 | D        | Killed Crazy Yiuf
   249 | D        | Killed Duvessa
   250 | D        | Killed Sigmund
   256 | D        | Got The Lost Secrets of Wizardry
   280 | D        | Entered arena 8.
   281 | D        | Found a transporter.
   284 | D        | Gained mutation: You are vulnerable to magic. (MR--) [a
                  | neqoxec]
   285 | D        | Reached ****** piety under Makhleb
   294 | D        | Reached skill level 13 in Polearms
   307 | D        | Got The Last Secrets of Secret Knowledge
   311 | D        | Entered arena 9.
   311 | D        | Noticed a salamander
   312 | D        | Found a transporter.
   315 | D        | Gained mutation: You are weak, clever and extremely clumsy.
                  | (STR -2, INT +1, DEX -7) [a neqoxec]
   317 | D        | a salamander changed into a wyvern
   318 | D        | Reached XP level 10. HP: 61/78 MP: 18/18
   330 | D        | Got the Papyrus of Flames
   332 | D        | Got Luacw's Reference Book on Heat
   360 | D        | Entered arena 10.
   361 | D        | Found a transporter.
   365 | D        | Reached skill level 14 in Polearms
   467 | D        | Entered arena 11.
   467 | D        | Noticed a black mamba
   467 | D        | Noticed a naga mage
   467 | D        | Noticed a black mamba
   467 | D        | Noticed a naga mage
   468 | D        | Found a transporter.
   471 | D        | Killed a black mamba
   471 | D        | Reached skill level 1 in Invocations
   476 | D        | Killed a naga mage
   476 | D        | Reached skill level 10 in Armour
   476 | D        | Killed a naga mage
   476 | D        | Reached XP level 11. HP: 86/86 MP: 20/20
   478 | D        | Reached skill level 15 in Polearms
   499 | D        | Got the cursed ring "Midijaz" {Ice Str+7, (Curse: *Slow)}
   598 | D        | Entered arena 12.
   598 | D        | Noticed a soul eater
   598 | D        | Noticed a soul eater
   599 | D        | Noticed a soul eater
   599 | D        | Noticed a soul eater
   600 | D        | Found a transporter.
   605 | D        | HP: 3/86 [soul eater/drain life (15)]
   610 | D        | Killed from afar by a shadow dragon

Levels and vault maps discovered:
D:        sprint_v [room_start, room_1, room_2, room_3, room_4, room_5, room_6,
          room_7, room_8, room_9, room_10, room_11, room_12, room_13, room_14,
          room_15, room_16, room_17, room_18, room_19, room_20, room_21,
          room_22, room_23, room_24, room_25, room_26, room_27]

Skill      XL: |  1  2  3  4  5  6  7  8  9 10 11 |
---------------+----------------------------------+-----
Fighting       | 3 4 5 6 7 8 10 11 12 | 12.7
Polearms       | 5 6 7 8 9 10 12 13 14 15 | 15.0
Armour         | 3 4 5 6 8 10 | 10.2
Dodging        | 5 6 7 8 9 10 12 13 14 | 14.9
Evocations     | 3 4 5 6 7 8 10 11 12 | 12.0
Invocations    | 4 |  4.2

Action                   |  1- 3 |  4- 6 |  7- 9 | 10-12 || total
-------------------------+-------+-------+-------+-------++-------
Melee: Scythe            |     6 |     5 |    23 |    19 ||    53
Invok: Greater Servant o |       |       |       |     1 ||     1
Evoke: Lightning rod     |       |       |       |     2 ||     2
  Use: Potion            |     1 |       |       |     4 ||     5
Armor: Plate armour      |     1 |       |    28 |    52 ||    81
Dodge: Dodged            |     3 |       |    36 |    28 ||    67
